 Dungeon Crawl Stone Soup version 0.31-a0-149-g3fdcc5976a (webtiles) character file.

Game seed: 17526446388687512526

151 hikkokomori the Ducker (level 4, 0/37 HPs)
             Began as a Demigod Gladiator on June 8, 2023.
             Splashed by a jelly's acid (7 damage)
             ... on level 4 of the Dungeon.
             The game lasted 00:03:18 (2496 turns).

hikkokomori the Ducker (Demigod Gladiator)          Turns: 2496, Time: 00:03:19

Health: 0/37       AC:  0    Str: 15    XL:     4   Next: 85%
Magic:  6/6        EV: 13    Int: 10    God:
Gold:   157        SH:  0    Dex: 19    Spells: 3/3 levels left

rFire   . . .        a - +0 long sword
rCold   . . .        (no shield)
rNeg    . . .        b - +0 leather armour
rPois   .            c - +0 helmet
rElec   .            (no cloak)
rCorr   .            (no gloves)
SInv    .            (no boots)
Will    .....        (no amulet)
Stlth   ++           (no ring)
HPRegen 0.26/turn    (no ring)
MPRegen 0.10/turn

%: no passive effects
@: corroded
A: high MP 1, forlorn, divine attributes
a: no special abilities


You were on level 4 of the Dungeon.
You visited 1 branch of the dungeon, and saw 4 of its levels.

You collected 157 gold pieces.

Inventory:

Hand Weapons
 a - a +0 long sword (weapon)
Missiles
 d - 3 throwing nets (quivered)
 e - a javelin
Armour
 b - a +0 leather armour (worn)
 c - a +0 helmet (worn)
Jewellery
 i - a +6 ring of intelligence
Wands
 u - a wand of acid (10)
Scrolls
 f - a scroll of magic mapping
 h - a scroll of immolation
 l - 2 scrolls of poison
 o - a scroll of identify
 r - 2 scrolls of enchant weapon {unknown}
 t - a scroll of butterflies {unknown}
Potions
 g - a potion of haste
 j - a potion of heal wounds
 k - a potion of cancellation
 m - 2 potions of brilliance
 n - a potion of berserk rage
 p - a potion of mutation
 q - a potion of enlightenment


   Skills:
 + Level 2.9 Fighting
 + Level 3.5 Long Blades
 - Level 1.7 Throwing
 + Level 3.5 Dodging
 + Level 2.1 Stealth


You had 3 spell levels left.
You didn't know any spells.
Your spell library contained the following spells:

 Spells                   Type           Power      Damage    Failure   Level
 Magic Dart               Conj           0%         1d3       43%         1
 Searing Ray              Conj           0%         2d4       56%         2
 Fulminant Prism          Conj/Hex       0%         3d5       99%         4


Dungeon Overview and Level Annotations

Branches:
Dungeon (4/15)
 Temple: D:4-7

Shops:
D:2 :


Innate Abilities, Weirdness & Mutations

You have an increased reservoir of magic. (+10% MP)
You shall have no god before yourself.
Your divine heritage dramatically boosts your attributes as you level up.


Message History

A goblin comes into view. It is wielding a +0 dagger.
You feel sick.
The kobold throws a poisoned dart.
The poisoned dart hits you!
You are more poisoned.
You feel very sick.
The jelly quivers.
The kobold completely misses you.
You hit the kobold.
The kobold is moderately wounded.
You feel very sick.
The kobold hits you with a +0 short sword.
You closely miss the kobold.
The kobold is moderately wounded.
You feel sick. The jelly barely misses you.
The kobold hits you with a +0 short sword.
You closely miss the kobold.
The kobold is moderately wounded.
You feel sick.
The kobold hits you with a +0 short sword.
The jelly closely misses you. The jelly hits you.
You are splashed with acid!
* * * LOW HITPOINT WARNING * * *
The kobold hits you but does no damage.
It was a potion of curing.
You feel better. The jelly hits you but does no damage.
The kobold closely misses you.
Unknown command.
You barely miss the kobold.
The kobold is moderately wounded.
The kobold barely misses you. The jelly hits you.
You are splashed with acid!
* * * LOW HITPOINT WARNING * * *
Unknown command.
Okay, then.
The goblin attacks as you move away! The goblin barely misses you.
Unknown command.
You hit the kobold.
You kill the kobold!
The jelly closely misses you. The goblin closely misses you.
Unknown command.
You barely miss the goblin. The jelly hits you.
* * * LOW HITPOINT WARNING * * *
The acid corrodes you!
You are splashed with acid!
You die...

...#....##.# .#
...#....##.# .#
...#######.#+####.###
...# #...........
...# #.......># ...#
#........# ...#
#........# ...#
#........# ....
#.$....@.# #.....gJ)#
#........# #........#
#.........#
###.#####.# #. .# #.
.#


You could see a jelly and a goblin.

Vanquished Creatures
  A hound (D:4)
  An orc priest (D:3)
  3 adders
  2 orcs (D:3)
  6 ball pythons
  5 endoplasms
  A giant cockroach (D:1)
  3 goblins
  6 hobgoblins
  7 jackals (D:1)
  8 kobolds
  2 quokkas (D:1)
  6 bats
  3 frilled lizards (D:1)
  5 rats
59 creatures vanquished.

Notes
Turn   | Place    | Note
-------+----------+-------------------------------------------
     0 | D:1      | hikkokomori the Demigod Gladiator began the quest for the
                  | Orb.
     0 | D:1      | Reached XP level 1. HP: 17/17 MP: 3/3
   148 | D:1      | Reached XP level 2. HP: 23/24 MP: 4/4
   249 | D:1      | Reached skill level 1 in Stealth
   777 | D:1      | Reached XP level 3. HP: 29/29 MP: 5/5
  1290 | D:2      | Found Gajois's Book Shoppe.
  1934 | D:3      | Reached XP level 4. HP: 5/37 MP: 6/6
  2496 | D:4      | Splashed by a jelly's acid

Illustrated notes

Levels and vault maps discovered:
D:1:      nicolae_arrival_washed_ashore, layout_basic, minmay_crystal_water
D:2:      layout_rooms, nicolae_ecumenical_lake_church, serial_shops,
          nicolae_shop_rolling_square
D:3:      layout_rooms, mainiacjoe_overflow_surrounded_room,
          lemuel_crystal_altar
D:4:      layout_basic, minmay_ruined_shrine, uniq_robin

Skill      XL: |  1  2  3  4 |
---------------+-------------+-----
Fighting       | 2 |  2.9
Stealth        | 1 2 |  2.1
Long Blades    | 3 |  3.5
Dodging        | 3 |  3.5
Throwing       | |  1.7

Action                     |  1- 3 |  4- 6 || total
---------------------------+-------+-------++-------
  Melee: Long sword        |   137 |    33 ||   170
         Punch             |     2 |       ||     2
    Use: Scroll            |    10 |       ||    10
         Potion            |       |     1 ||     1
   Stab: Sleeping          |     6 |     3 ||     9
 Armour: Leather armour    |    47 |    12 ||    59
  Dodge: Dodged            |    99 |    27 ||   126

Table legend: (Time is in decaauts)
 A = Elapsed time spent in this place.
 B = Non-inter-level travel time spent in this place.
 C = Inter-level travel time spent in this place.
 D = Time resting spent in this place.
 E = Time spent auto-exploring this place.
 F = Levels seen in this place.
 G = Mean time per level.
                   A        B        C        D        E       F      G
               +--------+--------+--------+--------+--------+-----+--------+
         Total |   2541 |   2475 |     66 |    107 |   1891 |   4 |  635.2 |
       Dungeon |   2541 |   2475 |     66 |    107 |   1891 |   4 |  635.2 |
               +--------+--------+--------+--------+--------+-----+--------+

Top non-repeatable levels by time:
     D:1: 1278 daAuts
     D:2: 714 daAuts
     D:3: 434 daAuts
     D:4: 115 daAuts
